cohdb
Replays
Latest Replays
All Replays
Popular Replays
Top Player Replays
Match Explorer
How It Works
Community
CoH3 Stats
Reddit
Sign in to upload your games and track your stats! →
Sign in with Steam
Match 46089412
Unlisted
Match 46089412
Overview
Messages
Build Orders
End
Kradschützen Motorcycle Team
Selects Battlefield Espionage Battlegroup
Selects Sector Subterfuge Beacon
250 Light Carrier
Panzerpioneer Squad
Panzerpioneer Squad
Construct Light Support Kompanie
Panzerjäger Squad
Assault Grenadier Squad
Fire Support Elements
Flakvierling Half-track
Panzerjäger Squad
2.5-tonne Medical Truck
Selects 250/3 Funkpanzerwagen
Selects Anti-Tank Incendiary Munitions
Pak 38 Anti-tank Gun Team
MG34 Team
Pak 38 Anti-tank Gun Team
250/3 Funkpanzerwagen
Selects Transfer Depots
Selects Firestorm
Construct Panzerarmee Kommand
Firestorm
Panzergrenadier Squad
Armored Reserves
Tiger Heavy Tank
Pak 38 Anti-tank Gun Team
Kradschützen Motorcycle Team
Walking Stuka Rocket Launcher
Selects Operation Skorpion
Flakvierling Half-track
Firestorm
Panzergrenadier Squad
Hawk
Rinzler
woof_raff
eagles_79
0
0
Comments
sign in to comment!
No comments posted yet!